 Dungeon Crawl Stone Soup version 0.28.0-53-g5a82cb258f (console) character file.

Game seed: 5742331998302945754

12857 Banquo the Cleaver (level 11, -11/60 HPs)
             Began as a Gargoyle Fighter on Aug 1, 2022.
             Was a Believer of Hepliaklqana.
             Mangled by Urug
             ... wielding a +1 glaive of freezing
              (19 damage)
             ... on level 11 of the Dungeon.
             The game lasted 00:47:40 (12953 turns).

Banquo the Cleaver (Gargoyle Fighter)              Turns: 12953, Time: 00:47:50

Health: -11/60     AC: 27    Str: 22    XL:     11   Next: 99%
Magic:  14/14      EV:  5    Int:  9    God:    Hepliaklqana [**....]
Gold:   415        SH: 18    Dex: 11    Spells: 10/10 levels left

rFire   + . .      SeeInvis .   a - +1 war axe
rCold   . . .      Faith    +   i - +3 tower shield
rNeg    + . .      Spirit   .   d - +0 plate armour
rPois   ∞          Reflect  .   h - +1 helmet
rElec   +          Harm     .   e - +0 cloak
rCorr   .          Rampage  .   g - +1 pair of gloves
Will    .....                   (no boots)
Stlth   ..........              W - amulet of faith
HPRegen 0.20/turn               K - +4 ring of slaying
MPRegen 0.14/turn               F - ring of protection from fire

@: studying Dodging
A: reduced essence, sickness immunity, AC +8, negative energy resistance 1,
electricity resistance, torment resistance 1, petrification resistance
a: Renounce Religion, Recall Ancestor, Ancestor Identity


You were on level 11 of the Dungeon.
You worshipped Hepliaklqana.
Hepliaklqana was pleased with you.
You visited 2 branches of the dungeon, and saw 12 of its levels.
You also visited: Sewer and Bailey.

You collected 651 gold pieces.
You spent 236 gold pieces at shops.

Inventory:

Hand Weapons
 a - a +1 war axe (weapon)
 b - a +3 trident of freezing
 j - a +0 broad axe
 l - the +8 hunting sling of the Wasteland {freeze, rPois MP+9}
   (You took it off an orc on level 11 of the Dungeon)

   Any ammunition fired from it freezes those it strikes, dealing additional
   cold damage.
   It can also slow down cold-blooded creatures.
   rPois:     It protects you from poison.
   MP:        It affects your magic capacity (+9).
 q - a +0 broad axe
 r - a +2 morningstar
 L - a +0 hand crossbow
 U - a +2 mace of draining
 V - a +0 spear of flaming
Missiles
 p - 289 stones (quivered)
 H - 7 boomerangs
 J - 43 poisoned darts
 M - 56 bolts
Armour
 d - a +0 plate armour (worn)
 e - a +0 cloak (worn)
 g - a +1 pair of gloves (worn)
 h - a +1 helmet (worn)
 i - a +3 tower shield (worn)
Jewellery
 w - a ring of ice
 x - a ring of flight
 A - a +4 ring of protection
 F - a ring of protection from fire (right hand)
 K - a +4 ring of slaying (left hand)
 W - an amulet of faith (around neck)
Wands
 c - a wand of acid (9)
 f - a wand of iceblast (8)
 o - a wand of mindburst (17)
Scrolls
 k - a scroll of magic mapping
 m - a scroll of blinking
 s - 2 scrolls of enchant armour
 t - 4 scrolls of fog
 u - 2 scrolls of fear
 y - 2 scrolls of enchant weapon
 E - 2 scrolls of noise
 G - a scroll of holy word
 N - 4 scrolls of teleportation
 Q - a scroll of identify
Potions
 n - 5 potions of heal wounds
 z - 2 potions of ambrosia
 C - 4 potions of might
 I - 2 potions of cancellation
 S - 5 potions of curing
 T - 3 potions of brilliance
 X - 3 potions of haste


   Skills:
 * Level 7.4 Fighting
 * Level 11.9 Axes
 * Level 7.1 Armour
 * Level 5.7 Dodging
 * Level 10.2 Shields
 * Level 4.9 Invocations


You had 10 spell levels left.
You didn't know any spells.
Your spell library contained the following spells:

 Spells                   Type           Power      Damage    Failure   Level
 Ensorcelled Hibernation  Hex/Ice        0%         N/A       100%        2
 Passwall                 Tmut/Erth      0%         N/A       100%        2
 Static Discharge         Conj/Air       0%         N/A       100%        2
 Ozocubu's Armour         Ice            0%         N/A       100%        3
 Swiftness                Air            0%         N/A       100%        3
 Dispel Undead            Necr           0%         3d6       100%        4
 Sticky Flame             Conj/Fire      0%         2d3       100%        4
 Summon Forest            Summ/Tloc      0%         N/A       100%        5
 Eringya's Noxious Bog    Tmut/Pois      0%         N/A       100%        6
 Ozocubu's Refrigeration  Ice            0%         4d5       100%        7
 Summon Hydra             Summ           0%         N/A       100%        7


Dungeon Overview and Level Annotations

Branches:
Dungeon (11/15)            Temple (1/1) D:6           Sewer (visited)
 Bailey (visited)
   Lair: D:8-11         Orc: D:9-12

Altars:
Ashenzari
Cheibriados
Dithmenos
Elyvilon
Fedhas
Gozag
Hepliaklqana
Kikubaaqudgha
Makhleb
Nemelex Xobeh
Okawaru
Qazlal
Ru
Sif Muna
Trog
Uskayaw
Vehumet
Wu Jian
Xom
Yredelemnul
Zin
The Shining One

Shops:
D:1 !   D:6 *=**   D:10 *(

Annotations:
D:3 3 runed translucent doors, duchin's ghost, amateur OpAE
D:11 Urug


Innate Abilities, Weirdness & Mutations

Your life essence is reduced to manifest your ancestor. (-10% HP)
You are immune to sickness and miasma.
Your stone body is resilient. (AC +8)
You are immune to poison.
You resist negative energy. (rN+)
You are resistant to electric shocks. (rElec)
You are resistant to unholy torment.
You are immune to petrification.


Message History

The hornet is almost dead.
You block the hornet's attack.
Shiptu closely misses the hornet.
You block the hornet's attack.
You hit the hornet.
The hornet is almost dead.
The hornet stings you but does no damage.
Shiptu hits the hornet with a +0 flail.
The hornet dies!
No target in view!
p - 289 stones (gained 14)
y - 2 scrolls of enchant weapon (gained 1)
Things that are here:
a +0 club; a +0 ring mail; a hornet corpse You now have 415 gold pieces (gained 19).
Urug the Orcish Ballista comes into view.
She is wielding a +1 glaive of freezing.
Unknown command.
Found a hat.
Urug throws a javelin.
The javelin pierces through you!
Urug throws a javelin.
The javelin pierces through you. You block Urug's attack.
Urug hits you but does no damage.
You barely miss Urug.
Urug squints and says, "My one eye mightn't be all that good, but I can see you just fine with it, harpy."
You block Urug's attack.
Shiptu closely misses Urug.
You block Urug's attack.
You closely miss Urug.
Shiptu barely misses Urug.
You block Urug's attack.
Shiptu hits Urug with a +0 flail!
You hit Urug.
Urug is lightly wounded.
Urug drinks a potion.
Urug goes berserk!
Shiptu misses Urug.
You closely miss Urug.
Urug is lightly wounded.
You block Urug's attack.
Shiptu hits Urug with a +0 flail.
Shiptu blocks Urug's attack.
You slash Urug!
Urug is moderately wounded.
You block Urug's attack.
Shiptu barely misses Urug.
Urug hits you with a +1 glaive of freezing!!!
Ouch! That really hurt!
* * * LOW HITPOINT WARNING * * *
Urug freezes you!!
You die...

.................# #.
................)# #.
................#####.
...........[..........
####......)..........
#.................
#.................
#..............)..
#@R...............
.......o................
#........#####.########.
#.....[..# #.# #.
#........# #.# #.
#........# #.# #>
#........# #.# #.
#........# #.# #. #<# #.


You could see the friendly Shiptu the knight and Urug (berserk, ally target).

Vanquished Creatures
  2 vault guards (Bailey)
  A centaur warrior (D:11)
  3 two-headed ogres
  A kobold demonologist (D:10)
  An unseen horror (D:6)
  A shadow (D:9)
  6 yaks
  A wyvern (D:7)
  4 humans (Bailey)
  2 orc warriors
  4 ogres
  3 black bears
  Pargi (Sewer)
  A necrophage (D:6)
  2 wolves
  2 centaurs
  4 phantoms
  5 kobold brigands
  11 bullfrogs
  A wyvern zombie (D:4)
  3 scorpions
  A wyvern skeleton (D:5)
  9 killer bees
  6 wights
  A howler monkey (D:6)
  A lava snake (D:10)
  2 jellies (D:6)
  A centaur skeleton (D:5)
  3 centaur zombies
  5 hounds
  2 bullfrog skeletons (D:6)
  6 orc priests
  A gnoll shaman (D:4)
  Ijyb (D:3)
  3 iguanas
  6 orc wizards
  A hound skeleton (D:4)
  A howler monkey zombie (D:7)
  4 gnolls
  6 adders
  A shadow imp (D:8)
  3 white imps
  2 ufetubi (D:7)
  An adder skeleton (D:4)
  5 worms
  2 dart slugs
  22 orcs
  6 ball pythons
  5 endoplasms
  5 giant cockroaches
  12 goblins
  6 hobgoblins
  A jackal (D:3)
  28 kobolds
  4 quokkas
  6 bats
  2 frilled lizards (D:1)
  4 rats
234 creatures vanquished.

Vanquished Creatures (collateral kills)
  An ugly thing (D:11)
  A kobold demonologist (D:10)
  Prince Ribbit (Bailey)
  A hornet (D:11)
  A steam dragon (D:10)
  Grum (D:8)
  2 wyverns
  2 humans (Bailey)
  An orc warrior (D:10)
  A kobold brigand (D:10)
  2 bullfrogs
  2 wights (D:10)
  2 centaur zombies (D:10)
  An orc priest (D:8)
  3 orcs
  6 kobolds
28 creatures vanquished.

Vanquished Creatures (others)
  5 ancestors
  A knight (D:11)
  An orc (D:10)
7 creatures vanquished.

Grand Total: 269 creatures vanquished

Notes
Turn   | Place    | Note
-------+----------+-------------------------------------------
     0 | D:1      | Banquo the Gargoyle Fighter began the quest for the Orb.
     0 | D:1      | Reached XP level 1. HP: 14/14 MP: 1/1
    50 | D:1      | Reached skill level 2 in Axes
   138 | D:1      | Reached XP level 2. HP: 15/19 MP: 2/2
   303 | D:1      | Found Nesk's Distillery.
   563 | D:1      | Reached skill level 3 in Axes
   876 | D:2      | Reached XP level 3. HP: 23/23 MP: 3/3
  1505 | D:3      | Found a faded altar of an unknown god.
  1613 | D:3      | Noticed Ijyb
  1627 | D:3      | Killed Ijyb
  1628 | D:3      | Reached skill level 4 in Axes
  1628 | D:3      | Reached XP level 4. HP: 6/28 MP: 4/4
  2134 | D:3      | Found a runed translucent gate.
  2134 | D:3      | Found a runed translucent gate.
  2134 | D:3      | Found a runed translucent gate.
  2144 | D:3      | Noticed duchin's ghost (amateur OpAE)
  2588 | D:4      | Noticed a scorpion
  2595 | D:4      | Killed a scorpion
  2596 | D:4      | Reached XP level 5. HP: 29/32 MP: 5/5
  2628 | D:4      | Reached skill level 5 in Axes
  2803 | D:4      | Reached XP level 6. HP: 35/37 MP: 6/6
  2843 | D:4      | Reached skill level 6 in Axes
  3100 | D:4      | Reached XP level 7. HP: 41/41 MP: 7/7
  3833 | D:5      | Entered Level 5 of the Dungeon
  4311 | D:5      | Identified the +0 robe of Gravity {rElec rPois rF+ Str-4}
  4343 | D:5      | Reached skill level 7 in Axes
  4512 | D:5      | Reached XP level 8. HP: 48/48 MP: 8/8
  4682 | D:5      | Reached skill level 1 in Dodging
  4682 | D:5      | Reached skill level 5 in Shields
  5035 | D:6      | Killed an unseen horror
  5036 | D:6      | Reached skill level 8 in Axes
  5064 | D:6      | Found Xijul Fur's Book Emporium.
  5080 | D:6      | Found Gaotet's Assorted Antiques.
  5080 | D:6      | Found Ahiri's Jewellery Emporium.
  5082 | D:6      | Found Zuxunuoch's Assorted Antiques.
  5103 | D:6      | Bought a scroll labelled WONWAU ONUFIE for 26 gold pieces
  5103 | D:6      | Bought a scroll labelled ZETAKHL NOSOPPO for 26 gold pieces
  5106 | D:6      | Bought a scroll labelled WONWAU ONUFIE for 30 gold pieces
  5106 | D:6      | Bought a smoky silvery potion for 27 gold pieces
  5106 | D:6      | Bought a fuming amethyst potion for 27 gold pieces
  5239 | D:6      | Reached XP level 9. HP: 46/52 MP: 9/9
  5256 | D:6      | Found a glowing drain.
  5296 | Sewer    | Entered a sewer
  5346 | Sewer    | Noticed Pargi
  5352 | Sewer    | Killed Pargi
  5360 | Sewer    | Identified the +8 glaive of Sezis {vorpal, Will+ Dex+4}
  5440 | D:6      | Reached skill level 9 in Axes
  5506 | D:6      | Reached skill level 5 in Fighting
  5670 | D:6      | Found a staircase to the Ecumenical Temple.
  5689 | Temple   | Entered the Ecumenical Temple
  5751 | Temple   | Became a worshipper of Hepliaklqana the Forgotten
  5946 | D:1      | Bought a potion of haste for 100 gold pieces
  6066 | D:6      | Found Idet's Elemental Accessories.
  6221 | D:6      | Found Zuxunuoch's Assorted Antiques.
  6226 | D:6      | Found Gaotet's Assorted Antiques.
  6227 | D:6      | Found Ahiri's Jewellery Emporium.
  6300 | D:6      | Found a staircase to the Ecumenical Temple.
  6534 | D:6      | Found Idet's Elemental Accessories.
  6758 | D:7      | Reached skill level 1 in Invocations
  7037 | D:7      | Reached skill level 5 in Armour
  7932 | D:7      | Reached XP level 10. HP: 35/60 MP: 11/11
  8201 | D:8      | Noticed Grum
  8376 | D:8      | Reached skill level 10 in Axes
  8703 | D:8      | Reached * piety under Hepliaklqana
  9472 | D:8      | Killed Grum
  9891 | D:9      | Identified the +4 scale mail "Yjegul" {rElec Will- MP+9}
 10048 | D:9      | Found a flagged portal.
 10106 | Bailey   | Entered a bailey
 10251 | Bailey   | Noticed Prince Ribbit
 10258 | Bailey   | Noticed a vault guard
 10279 | Bailey   | Killed Prince Ribbit
 10280 | Bailey   | Reached XP level 11. HP: 43/59 MP: 13/13
 10304 | Bailey   | Killed a vault guard
 10305 | Bailey   | Reached skill level 11 in Axes
 10700 | Bailey   | Noticed a vault guard
 10720 | Bailey   | Killed a vault guard
 11206 | D:9      | Noticed a two-headed ogre
 11218 | D:9      | Killed a two-headed ogre
 11219 | D:9      | Reached skill level 5 in Dodging
 11414 | D:10     | Entered Level 10 of the Dungeon
 11414 | D:10     | Noticed a two-headed ogre
 11421 | D:10     | Killed a two-headed ogre
 11577 | D:10     | Reached ** piety under Hepliaklqana
 11578 | D:10     | Remembered your ancestor Shiptu as a knight
 11729 | D:10     | Noticed a sun demon
 11943 | D:10     | Noticed a two-headed ogre
 11951 | D:10     | Killed a two-headed ogre
 11973 | D:10     | Found a broken altar of Ashenzari.
 12019 | D:10     | Found Raoxori's Antique Weapon Shoppe.
 12182 | D:10     | Found Calimm's Assorted Antiques.
 12543 | D:11     | Noticed a centaur warrior
 12563 | D:11     | Killed a centaur warrior
 12564 | D:11     | Reached skill level 10 in Shields
 12645 | D:11     | Noticed a red ugly thing
 12659 | D:11     | Killed a red ugly thing
 12909 | D:11     | Identified the +8 hunting sling of the Wasteland {freeze,
                  | rPois MP+9}
 12943 | D:11     | Noticed Urug
 12953 | D:11     | Mangled by Urug

Illustrated notes

Levels and vault maps discovered:
D:1:      matt_arrival_grand_opening, layout_basic, serial_shops, shop
D:2:      layout_basic, hangedman_glass_teeth, amethyst_killhole,
          minmay_misc_feat_iff
D:3:      layout_loops_ring, gammafunk_ghost_necromancy,
          hellmonk_ecumenical_altar_blasted, st_stairs_4, uniq_ijyb
D:4:      layout_basic
D:5:      layout_loops_ring
D:6:      minmay_evil_eye, layout_rooms, temple_fountains,
          cheibrodos_sewer_entry_drain, nicolae_elemental_shop,
          minmay_shop_grid_forest, minmay_manual_monstrance
D:7:      layout_rooms, kennysheep_generic_room_16
D:8:      layout_loops_cross, uniq_grum
D:9:      layout_loops_corners, enter_bailey_4
D:10:     layout_irregular_city, ashenzari_conservatory_becter, serial_shops,
          nicolae_inconvenience_store, nicolae_shop_behind_doors
D:11:     layout_small_grid, lair_entry_dummy, lemuel_zombie_altar_yredelemnul,
          uniq_urug
Temple:   kilobyte_greek_temple

Skill      XL: |  1  2  3  4  5  6  7  8  9 10 11 |
---------------+----------------------------------+-----
Axes           | 2 3 4 5 6 7 8 9 10 11 | 11.9
Shields        | 4 5 7 8 10 | 10.2
Armour         | 4 5 6 7 |  7.1
Fighting       | 4 5 6 7 |  7.4
Dodging        | 1 3 4 5 |  5.7
Invocations    | 2 3 4 |  4.9

Action                   |  1- 3 |  4- 6 |  7- 9 | 10-12 || total
-------------------------+-------+-------+-------+-------++-------
Melee: War axe           |   103 |    70 |   305 |   326 ||   804
Throw: Stone             |       |       |     4 |       ||     4
Invok: Recall Ancestor   |       |       |       |     1 ||     1
       Ancestor Life: Kn |       |       |       |     1 ||     1
Evoke: Wand              |       |     4 |     4 |       ||     8
  Use: Scroll            |       |       |     5 |    12 ||    17
       Potion            |       |       |     1 |     2 ||     3
 Stab: Distracted        |       |       |       |     1 ||     1
Armor: Scale mail        |    54 |    43 |   169 |   110 ||   376
       Plate armour      |       |       |       |    26 ||    26
Dodge: Dodged            |    47 |    11 |    61 |    61 ||   180
Block: Buckler           |    17 |    12 |       |       ||    29
       Tower shield      |       |    25 |   271 |   326 ||   622
